 Dungeon Crawl Stone Soup version 0.23.2-33-g5129a83184 (webtiles) character file.

Game seed: 14846358766670467582

51597 ANON1729 the Fighter (level 14, -26/127 HPs)
             Began as a Demonspawn Monk on Aug 11, 2019.
             Was a High Priest of Okawaru.
             Hit by a javelin of returning thrown by a minotaur (30 damage)
             ... in a Gauntlet.
             The game lasted 01:10:03 (23842 turns).

ANON1729 the Fighter (Demonspawn Monk)             Turns: 23842, Time: 01:10:04

Health: -26/127    AC: 10    Str: 12    XL:     14   Next: 24%
Magic:  18/22      EV: 25    Int: 21    God:    Okawaru [*****.]
Gold:   540        SH:  0    Dex: 23    Spells: 23/24 levels left

rFire    + + .     SeeInvis .   g - +3 quarterstaff "Rygrele" {crush, +Blink rPois rC+}
rCold    + + +     Gourm    .   (shield currently unavailable)
rNeg     . . .     Faith    .   K - +0 leather armour of Xytwuv {rF++ Int+2 Dex+4 Slay+3} (curse)
rPois    +         Spirit   .   E - +0 hat of the Bruised Ships {rPois Int+3} (curse)
rElec    .         Reflect  .   (no cloak)
rCorr    .         Harm     .   P - +1 pair of gloves {Dex+3}
MR       +....     Clarity  +   y - +0 pair of boots Stlth ++++++++..NoTele +
                                (no amulet)
HPRegen  0.31/turn              r - ring of protection from cold
MPRegen  0.18/turn              o - ring of protection from cold

@: heroism, finesse
A: horns 2, molten scales 1, blurry vision 1, clarity, nightstalker 2, powered
by death 3, robust 1, shaggy fur 1
a: Heroism, Finesse, Renounce Religion, Evoke Blink


You were in a Gauntlet.
You worshipped Okawaru.
Okawaru was extremely pleased with you.
You were not hungry.

You visited 2 branches of the dungeon, and saw 16 of its levels.
You also visited: Gauntlet.

You collected 1221 gold pieces.
You spent 681 gold pieces at shops.

Inventory:

Hand Weapons
 g - the +3 quarterstaff "Rygrele" (weapon) {crush, +Blink rPois rC+}
   (Okawaru gifted it to you on level 10 of the Dungeon)

   It inflicts extra damage upon your enemies.
   It protects you from cold.
   It protects you from poison.
   It lets you blink.
 n - a +1 dagger of venom
 p - a +0 quarterstaff
 Q - the +5 quarterstaff of the Little People {venom, +Fly rN+}
   (Okawaru gifted it to you on level 13 of the Dungeon)

   It poisons the flesh of those it strikes.
   It protects you from negative energy.
   It lets you fly.
 U - a +4 longbow of velocity
Missiles
 b - 4 javelins of returning (quivered)
Armour
 q - a +0 pair of gloves of strength
 y - a +0 pair of boots (worn)
 E - the cursed +0 hat of the Bruised Ships (worn) {rPois Int+3}
   (You found it in a Gauntlet)

   It affects your intelligence (+3).
   It protects you from poison.
   It has a curse placed upon it.
 K - the cursed +0 leather armour of Xytwuv (worn) {rF++ Int+2 Dex+4 Slay+3}
   (You bought it in a shop on level 12 of the Dungeon)

   It affects your intelligence (+2).
   It affects your dexterity (+4).
   It affects your accuracy and damage with ranged weapons and melee attacks
   (+3).
   It greatly protects you from fire.
   It has a curse placed upon it.
 P - a +1 pair of gloves of dexterity (worn)
 S - a +0 hat of magic resistance
Magical Staves
 v - an uncursed staff of air
 I - an uncursed staff of poison
Jewellery
 d - the ring "Nikiq" {rPois MP+9}
   (You found it on level 4 of the Dungeon)

   [ring of magical power]

   It protects you from poison.
   It affects your magic capacity (+9).
 k - a +2 ring of strength {unknown}
 o - a ring of protection from cold (right hand)
 r - a ring of protection from cold (left hand)
 D - an uncursed ring of flight
 J - an uncursed ring of stealth
Wands
 e - a wand of acid (2)
 x - a wand of flame (11)
 z - a wand of random effects (54)
 B - a wand of polymorph (14)
 N - a wand of disintegration (14)
 R - a wand of clouds (4)
Scrolls
 a - a scroll of blinking {unknown}
 f - 3 scrolls of fog
 h - 4 scrolls of amnesia
 i - 4 scrolls of enchant armour
 l - 3 scrolls of teleportation
 m - 7 scrolls of remove curse
 s - a scroll of magic mapping
 t - 2 scrolls of immolation
 A - 2 scrolls of vulnerability
 C - 2 scrolls of fear
 F - a scroll of acquirement {unknown}
 M - a scroll of noise
Potions
 j - 4 potions of curing
 u - 5 potions of flight
 w - a potion of might
 G - a potion of agility
 H - 5 potions of cancellation
 O - 2 potions of lignification
 T - a potion of magic {unknown}
Comestibles
 c - 33 rations


   Skills:
 * Level 12.9(17.9) Fighting
   Level 3.3(13.2) Polearms
 * Level 11.4(16.6) Staves
 + Level 9.0(14.0) Dodging
 + Level 9.2(14.2) Stealth
 * Level 5.6 Spellcasting
 + Level 9.9 Invocations
 + Level 7.5 Evocations


You had 23 spell levels left.
You knew the following spells:

 Your Spells              Type           Power        Failure   Level  Hunger
a - Beastly Appendage     Tmut           #.....       13%         1    None

Your spell library contained the following spells:

 Spells                   Type           Power        Failure   Level  Hunger
 Corona                   Hex            #......      13%         1    None
 Magic Dart               Conj           #...         13%         1    None
 Sting                    Conj/Pois      #...         13%         1    None
 Blink                    Tloc           N/A          21%         2    None
 Call Imp                 Summ           #.......     21%         2    None
 Ensorcelled Hibernation  Hex/Ice        #.....       21%         2    None
 Poisonous Vapours        Pois/Air       #.....       21%         2    None
 Searing Ray              Conj           #.....       21%         2    None
 Slow                     Hex            #.......     21%         2    None
 Sticks to Snakes         Tmut           #.......     21%         2    None
 Confuse                  Hex            #.......     36%         3    ##.....
 Conjure Flame            Conj/Fire      #.......     36%         3    ##.....
 Dazzling Spray           Conj/Hex       #.....       36%         3    ##.....
 Inner Flame              Hex/Fire       #.......     36%         3    ##.....
 Mephitic Cloud           Conj/Pois/Air  #.......     36%         3    ##.....
 Portal Projectile        Hex/Tloc       #.....       36%         3    ##.....
 Spider Form              Tmut/Pois      #.........   36%         3    ##.....
 Tukima's Dance           Hex            #.......     36%         3    ##.....
 Cause Fear               Hex            #.........   78%         4    ####...
 Force Lance              Conj/Tloc      #.......     78%         4    ####...
 Fulminant Prism          Conj/Hex       #.........   78%         4    ####...
 Ice Form                 Ice/Tmut       #.......     78%         4    ####...
 Iskenderun's Mystic Bla  Conj           #.......     78%         4    ####...
 Leda's Liquefaction      Hex/Erth       #.........   78%         4    ####...
 Olgreb's Toxic Radiance  Pois           #.......     78%         4    ####...
 Blade Hands              Tmut           #.........   98%         5    #####..
 Venom Bolt               Conj/Pois      #.........   98%         5    #####..


Dungeon Overview and Level Annotations

Branches:
Dungeon (15/15)            Temple (0/1) D:7            Lair (1/6) D:11
    Orc (0/2) D:9          Vaults (0/5) D:13         Depths (0/5) D:15

Altars:
Ashenzari
Cheibriados
Dithmenos
Elyvilon
Fedhas
Gozag
Hepliaklqana
Makhleb
Nemelex Xobeh
Okawaru
Qazlal
Ru
Wu Jian
Xom
Yredelemnul
Zin
The Shining One
Beogh

Shops:
D:11 :   D:12 [

Portals:
Trove: D:11 (show slimy rune of Zot)

Annotations:
D:4 Grinder
D:15 2 exclusions Gauntlet 21 runed translucent doors, 8 transporters


Innate Abilities, Weirdness & Mutations

You have a pair of horns on your head.
You are partially covered in molten scales. (AC +2)
You are significantly more attuned to the shadows.
You regenerate a lot of health from kills.
You are robust. (+10% HP)
Scrolls take you a little longer to read.
You possess an exceptional clarity of mind.
You are covered in fur. (AC +1)


Message History

* * * LOW HITPOINT WARNING * * *
You see here a javelin of returning.
Evoke which item? (* to show all) (? for menu, Esc to quit)
Okay, then.
Unknown command.
Unknown command.
Press: ? - help, v - describe, . - travel
Here: a minotaur, wielding a +1 scimitar of electrocution and wearing a +0 chain mail (poison gas, heavily wounded, poisoned)
The floor.
There is an open door, spattered with blood here.
You close the door.
A minotaur opens the door.
The minotaur throws a javelin of returning.
The javelin of returning hits you!!
* * * LOW HITPOINT WARNING * * *
Found 18 arrows.
There is a gate leading back out of this place, spattered with blood here.
Items here: )) // : ?? [[ | The minotaur throws a javelin of returning.
The javelin of returning hits you!!
You die...

##########.....
#...##.####.8..
#.#.##..##≈....
#.#......##...#
#.#.##....#...#
###+###...##.©8.#...#
##..⌠.##H#(##....#...#
('⌠....'.#....©8.#.8.#
#...@##.#H##....#...#
#.⌠..##...##.©8.#...#
##+####.#.##....#...#
#.#......##...#
#.#.##..##≈....
#...##.####.8..
##########.....
#≈...## ##...#.


You could see a minotaur.

Vanquished Creatures
  Nessos (D:13)
  A hydra (D:15)
  Harold (D:10)
  A vault guard (D:13)
  3 centaur warriors
  A hell hog (Gauntlet)
  11 two-headed ogres
  An ogre mage (D:14)
  3 tengu warriors (D:14)
  A sixfirhy (Gauntlet)
  5 wizards
  2 unseen horrors
  A necromancer (D:13)
  Pikel (D:5)
  5 ugly things
  A deep elf mage (D:15)
  A cyclops (D:15)
  2 manticores
  Joseph (D:8)
  4 gargoyles
  2 spiny frogs (Lair:1)
  2 efreet
  2 komodo dragons (D:13)
  A guardian mummy (D:11)
  3 ice devils (D:12)
  2 trolls (D:14)
  6 slime creatures
  Prince Ribbit (D:8)
  A hornet (D:10)
  4 hippogriffs
  A shadow (D:14)
  4 wraiths
  22 yaks
  3 wyverns
  4 ynoxinuls (D:12)
  A spriggan (D:9)
  18 humans (D:13)
  4 fire bats (Gauntlet)
  3 basilisks
  3 hungry ghosts
  2 vampire mosquitoes
  Edmund (D:5)
  A soldier ant (D:11)
  3 water moccasins
  4 porcupines
  2 hell hounds (Gauntlet)
  An eye of draining (D:15)
  5 ice beasts
  6 sky beasts
  A slave (D:5)
  12 orc warriors
  12 ogres
  3 black bears
  A phantom (D:13)
  22 centaurs
  4 crocodiles
  Blork the orc (D:6)
  2 big kobolds
  A wyvern zombie (D:10)
  16 bullfrogs
  A wyvern skeleton (D:8)
  6 scorpions
  8 killer bees (D:13)
  4 howler monkeys
  2 electric eels (D:8)
  6 centaur zombies
  5 jellies
  A lava snake (D:9)
  6 crimson imps
  15 hounds
  3 centaur skeletons
  5 orc priests
  Jessica (D:4)
  2 bullfrog skeletons
  5 iguanas
  12 orc wizards
  9 worker ants
  A hound zombie (D:5)
  2 hound skeletons
  16 gnolls
  21 adders
  A howler monkey skeleton (D:4)
  2 shadow imps
  An ooze (D:1)
  2 adder skeletons
  6 worms
  3 dart slugs
  A leopard gecko (D:2)
  78 orcs
  7 bats
  4 giant cockroaches
  6 goblins
  11 hobgoblins
  10 jackals
  2 quokkas
  A ball python (D:1)
  5 frilled lizards
  A jackal zombie (D:8)
  10 kobolds
  A leopard gecko skeleton (D:6)
  2 quokka zombies
  5 rats
  A spectral orc (D:2)
525 creatures vanquished.

Vanquished Creatures (others)
  2 slaves (D:5)
  A hound (D:5)
  A quokka skeleton (D:5)
  5 plants (D:11)
9 creatures vanquished.

Grand Total: 534 creatures vanquished

Notes
Turn   | Place    | Note
-------+----------+-------------------------------------------
     0 | D:1      | ANON1729 the Demonspawn Monk began the quest for the Orb.
     0 | D:1      | Reached XP level 1. HP: 18/18 MP: 1/1
    67 | D:1      | Gained mutation: You regenerate a little health from kills.
                  | [demonic ancestry]
    67 | D:1      | Reached XP level 2. HP: 17/24 MP: 2/2
   680 | D:1      | Gained mutation: You have a pair of small horns on your
                  | head. [demonic ancestry]
   680 | D:1      | Reached XP level 3. HP: 29/29 MP: 3/3
   898 | D:2      | Found a glowing silver altar of Zin.
  1361 | D:2      | Found a basalt altar of Yredelemnul.
  1511 | D:2      | Gained mutation: You are partially covered in molten
                  | scales. (AC +2) [demonic ancestry]
  1511 | D:2      | Reached XP level 4. HP: 27/37 MP: 4/4
  1866 | D:2      | Reached skill level 4 in Fighting
  2505 | D:2      | Gained mutation: You are resistant to hostile enchantments.
                  | (MR+) [potion of mutation]
  2505 | D:2      | Gained mutation: You tend to lose your temper in combat.
                  | [potion of mutation]
  2505 | D:2      | Gained mutation: You are frail. (-10% HP) [potion of
                  | mutation]
  2505 | D:2      | Gained mutation: You are highly resistant to hostile
                  | enchantments. (MR++) [potion of mutation]
  2725 | D:2      | Lost mutation: You are frail. (-10% HP) [potion of
                  | mutation]
  2725 | D:2      | Lost mutation: You tend to lose your temper in combat.
                  | [potion of mutation]
  2725 | D:2      | Lost mutation: You are highly resistant to hostile
                  | enchantments. (MR++) [potion of mutation]
  2725 | D:2      | Lost mutation: You are resistant to hostile enchantments.
                  | (MR+) [potion of mutation]
  2725 | D:2      | Gained mutation: You possess an exceptional clarity of
                  | mind. [potion of mutation]
  2725 | D:2      | Gained mutation: You are frail. (-10% HP) [potion of
                  | mutation]
  2725 | D:2      | Gained mutation: Scrolls take you a little longer to read.
                  | [potion of mutation]
  2725 | D:2      | Gained mutation: You are covered in fur. (AC +1) [potion of
                  | mutation]
  2740 | D:3      | Gained mutation: You are slightly more attuned to the
                  | shadows. [demonic ancestry]
  2740 | D:3      | Reached XP level 5. HP: 34/38 MP: 5/5
  2864 | D:3      | Reached skill level 1 in Staves
  3026 | D:3      | Found a faded altar of an unknown god.
  3701 | D:4      | Reached XP level 6. HP: 40/44 MP: 6/6
  4266 | D:4      | Got a scorched lapis lazuli ring
  4411 | D:4      | Noticed an orc warrior
  4498 | D:5      | Entered Level 5 of the Dungeon
  4500 | D:5      | Noticed a slave
  4521 | D:4      | Reached skill level 5 in Fighting
  4569 | D:4      | Found a sparkling altar of Nemelex Xobeh.
  4569 | D:4      | Noticed Jessica
  4579 | D:4      | Killed Jessica
  4601 | D:4      | Found a shimmering altar of Xom.
  4602 | D:4      | Found a hazy altar of Hepliaklqana.
  4602 | D:4      | Noticed a hell beast
  4603 | D:4      | Noticed a spectral ugly thing
  4603 | D:4      | Noticed a hell beast
  4800 | D:4      | Noticed Grinder
  4988 | D:5      | Noticed Edmund
  5158 | D:5      | Gained mutation: You are significantly more attuned to the
                  | shadows. [demonic ancestry]
  5158 | D:5      | Reached XP level 7. HP: 50/50 MP: 7/7
  5255 | D:5      | Noticed Pikel
  5292 | D:5      | Killed Pikel
  5292 | D:5      | Reached skill level 6 in Fighting
  5292 | D:5      | Gained mutation: You regenerate health from kills. [demonic
                  | ancestry]
  5292 | D:5      | Reached XP level 8. HP: 51/57 MP: 8/8
  5329 | D:5      | Killed Edmund
  5823 | D:5      | Identified the ring "Nikiq" {rPois MP+9} (You found it on
                  | level 4 of the Dungeon)
  5825 | D:5      | Found an iron altar of Okawaru.
  5887 | D:5      | Became a worshipper of Warmaster Okawaru
  5887 | D:5      | Reached * piety under Okawaru
  5887 | D:5      | Reached ** piety under Okawaru
  6679 | D:6      | Reached skill level 7 in Fighting
  6744 | D:6      | Noticed Blork the orc
  6757 | D:6      | Reached skill level 5 in Staves
  6765 | D:6      | Killed Blork the orc
  7099 | D:6      | Reached skill level 5 in Dodging
  7401 | D:6      | Reached skill level 5 in Stealth
  7518 | D:6      | Reached XP level 9. HP: 59/64 MP: 9/9
  7807 | D:7      | Reached *** piety under Okawaru
  7933 | D:6      | Reached skill level 1 in Invocations
  8227 | D:7      | Found a snail-covered altar of Cheibriados.
  8281 | D:7      | HP: 3/66 [hippogriff (12)]
  8283 | D:7      | Reached skill level 8 in Fighting
  8283 | D:7      | Reached skill level 1 in Evocations
  8723 | D:7      | Reached **** piety under Okawaru
  8875 | D:7      | Found a staircase to the Ecumenical Temple.
  8911 | D:7      | Found a stormy altar of Qazlal.
  9000 | D:7      | Found a burning altar of Makhleb.
  9003 | D:7      | Found an ornate altar of the Wu Jian Council.
  9006 | D:7      | Found a shattered altar of Ashenzari.
  9009 | D:7      | Found a shadowy altar of Dithmenos.
  9246 | D:8      | Found a glowing golden altar of the Shining One.
  9785 | D:8      | Noticed Joseph
  9802 | D:8      | Killed Joseph
  9802 | D:8      | Gained mutation: You have a pair of horns on your head.
                  | [demonic ancestry]
  9802 | D:8      | Reached XP level 10. HP: 65/73 MP: 12/12
 10203 | D:8      | Found a blossoming altar of Fedhas.
 10205 | D:8      | Noticed Prince Ribbit
 10219 | D:8      | Killed Prince Ribbit
 10607 | D:8      | Reached skill level 9 in Fighting
 10722 | D:8      | Found a roughly hewn altar of Beogh.
 10759 | D:8      | Found a blossoming altar of Fedhas.
 11275 | D:9      | Reached ***** piety under Okawaru
 11289 | D:9      | Found a staircase to the Orcish Mines.
 12284 | D:10     | Entered Level 10 of the Dungeon
 12943 | D:10     | Noticed a gargoyle
 12959 | D:10     | Killed a gargoyle
 12959 | D:10     | Reached skill level 5 in Invocations
 13339 | D:10     | Noticed Harold
 13370 | D:10     | Killed Harold
 13370 | D:10     | Received a gift from Okawaru
 13370 | D:10     | Reached XP level 11. HP: 23/81 MP: 15/15
 13375 | D:10     | Got a bone quarterstaff {god gift}
 13376 | D:10     | Identified the +3 quarterstaff "Rygrele" {crush, +Blink
                  | rPois rC+} (Okawaru gifted it to you on level 10 of the
                  | Dungeon)
 13587 | D:10     | Reached skill level 10 in Fighting
 13697 | D:10     | Found an opulent altar of Gozag.
 14099 | D:10     | You fall through a shaft for 2 floors!
 14106 | D:12     | You fall through a shaft for 2 floors!
 14157 | D:14     | Noticed a two-headed ogre
 14161 | D:14     | Noticed an ogre mage
 14170 | D:14     | Noticed a two-headed ogre
 14171 | D:14     | Noticed a two-headed ogre
 14176 | D:14     | Killed a two-headed ogre
 14185 | D:14     | Noticed a two-headed ogre
 14191 | D:14     | Killed a two-headed ogre
 14206 | D:14     | Killed a two-headed ogre
 14206 | D:14     | Received a gift from Okawaru
 14218 | D:14     | Killed an ogre mage
 14221 | D:14     | Killed a two-headed ogre
 14307 | D:14     | Reached skill level 5 in Evocations
 14386 | D:14     | Noticed a centaur warrior
 14416 | D:14     | Killed a centaur warrior
 14737 | D:14     | Noticed a tengu warrior
 14793 | D:14     | Noticed a brown ugly thing
 14802 | D:14     | Noticed a brown ugly thing
 14807 | D:14     | Noticed a brown ugly thing
 14808 | D:14     | Killed a brown ugly thing
 14808 | D:14     | Reached skill level 11 in Fighting
 14808 | D:14     | Gained mutation: You regenerate a lot of health from kills.
                  | [demonic ancestry]
 14808 | D:14     | Reached XP level 12. HP: 17/90 MP: 17/17
 14817 | D:14     | Noticed a tengu warrior
 15488 | D:13     | Noticed Nessos
 16766 | D:12     | Noticed a two-headed ogre
 16779 | D:12     | Killed a two-headed ogre
 16779 | D:12     | Reached skill level 10 in Staves
 17093 | D:11     | Found a staircase to the Lair.
 17428 | D:10     | Found a roughly hewn altar of Beogh.
 17718 | D:11     | Found a portal to a secret trove of treasure.
 17900 | D:11     | Noticed a two-headed ogre
 17911 | D:11     | Killed a two-headed ogre
 17911 | D:11     | Reached skill level 1 in Spellcasting
 18170 | D:11     | Found a white marble altar of Elyvilon.
 18233 | D:11     | Found Hiygesh's Book Shop.
 18340 | D:12     | Noticed a two-headed ogre
 18433 | D:12     | Killed a two-headed ogre
 18574 | D:12     | Found Talolun's Armour Shop.
 18577 | D:12     | Bought the cursed +0 leather armour of Xytwuv {rF++ Int+2
                  | Dex+4 Slay+3} for 681 gold pieces
 18791 | D:12     | Received a gift from Okawaru
 18872 | D:12     | Lost mutation: You are frail. (-10% HP) [demonic ancestry]
 18872 | D:12     | Gained mutation: You are robust. (+10% HP) [demonic
                  | ancestry]
 18872 | D:12     | Reached XP level 13. HP: 91/117 MP: 19/19
 19249 | D:13     | Reached skill level 12 in Fighting
 19368 | D:13     | Received a gift from Okawaru
 19415 | D:13     | Got an ichor-stained quarterstaff {god gift}
 19422 | D:13     | Identified the +5 quarterstaff of the Little People {venom,
                  | +Fly rN+} (Okawaru gifted it to you on level 13 of the
                  | Dungeon)
 19478 | D:13     | Found a gate to the Vaults.
 19492 | D:13     | Got a clouded silver amulet
 19510 | D:13     | Identified the amulet "Xaykon" {Inacc +Fly MR- Dex+2} (You
                  | found it on level 13 of the Dungeon)
 19826 | D:13     | Learned a level 1 spell: Beastly Appendage
 19850 | D:13     | Killed Nessos
 20026 | D:14     | Received a gift from Okawaru
 20827 | D:14     | HP: 1/119 [death knight/+0 glaive (26)]
 21595 | D:15     | Entered Level 15 of the Dungeon
 21957 | D:15     | Found a sacrificial altar of Ru.
 21993 | D:15     | Reached skill level 5 in Spellcasting
 22266 | D:15     | Found a staircase to the Depths.
 22266 | D:15     | Noticed a dire elephant
 22319 | D:15     | Reached XP level 14. HP: 117/127 MP: 21/21
 22574 | D:15     | Received a gift from Okawaru
 23077 | Lair:1   | Entered Level 1 of the Lair of Beasts
 23359 | Lair:1   | Found a gate leading to a gauntlet.
 23368 | Gauntlet | Entered a Gauntlet
 23368 | Gauntlet | Found a large runed translucent door.
 23368 | Gauntlet | Found a large runed translucent door.
 23368 | Gauntlet | Found a large runed translucent door.
 23368 | Gauntlet | Found a large runed translucent door.
 23368 | Gauntlet | Found a runed translucent door.
 23368 | Gauntlet | Found a transporter.
 23368 | Gauntlet | Found a runed translucent door.
 23368 | Gauntlet | Found a large runed translucent door.
 23368 | Gauntlet | Found a large runed translucent door.
 23373 | Gauntlet | Found a transporter.
 23392 | Gauntlet | Found a transporter.
 23394 | Gauntlet | Found a transporter.
 23409 | Gauntlet | Found a transporter.
 23432 | Gauntlet | Found a large runed translucent door.
 23432 | Gauntlet | Found a large runed translucent door.
 23436 | Gauntlet | Found a large runed translucent door.
 23436 | Gauntlet | Found a large runed translucent door.
 23437 | Gauntlet | Found a runed translucent gate.
 23446 | Gauntlet | Found a large runed translucent door.
 23447 | Gauntlet | Found a large runed translucent door.
 23448 | Gauntlet | Found a large runed translucent door.
 23457 | Gauntlet | Found a transporter.
 23472 | Gauntlet | Found a transporter.
 23476 | Gauntlet | Found a transporter.
 23493 | Gauntlet | Found a transporter.
 23506 | Gauntlet | Found a transporter.
 23512 | Gauntlet | Found a transporter.
 23516 | Gauntlet | Found a transporter.
 23518 | Gauntlet | Found a runed translucent gate.
 23519 | Gauntlet | Found a large runed translucent door.
 23519 | Gauntlet | Found a large runed translucent door.
 23520 | Gauntlet | Found a large runed translucent door.
 23524 | Gauntlet | Found a runed translucent gate.
 23558 | Gauntlet | Got a faintly glowing hat
 23679 | Gauntlet | Identified the cursed +0 hat of the Bruised Ships {rPois
                  | Int+3} (You found it in a Gauntlet)
 23841 | Gauntlet | HP: 3/127 [minotaur/javelin of returning (19)]
 23842 | Gauntlet | Hit by a javelin of returning thrown by a minotaur

Skill      XL: |  1  2  3  4  5  6  7  8  9 10 11 12 13 14 |
---------------+-------------------------------------------+-----
Stealth        | 2 3 4 5 6 7 8 9 |  9.2
Polearms       | 3 |  3.3
Dodging        | 3 4 5 6 7 8 9 |  9.0
Fighting       | 4 5 6 7 8 9 11 12 | 12.9
Staves         | 1 2 4 5 6 8 9 10 11 | 11.4
Invocations    | 3 5 7 8 9 |  9.9
Evocations     | 2 4 5 6 7 |  7.5
Spellcasting   | 2 5 |  5.6

Action                   |  1- 3 |  4- 6 |  7- 9 | 10-12 | 13-15 || total
-------------------------+-------+-------+-------+-------+-------++-------
Melee: Spear             |   132 |    72 |       |       |       ||   204
       Headbutt          |     9 |    30 |    70 |   195 |   132 ||   436
       Quarterstaff      |       |   175 |   296 |   916 |   509 ||  1896
       Dagger            |       |     1 |    95 |    28 |     1 ||   125
       Staff             |       |       |    33 |    23 |       ||    56
Invok: Heroism           |       |       |     4 |    26 |    11 ||    41
       Finesse           |       |       |       |     5 |     4 ||     9
 Abil: Evoke Blink       |       |       |       |       |     2 ||     2
Evoke: Wand              |       |       |     2 |     9 |     5 ||    16
  Use: Potion            |       |     4 |     3 |     5 |     3 ||    15
       Scroll            |       |       |       |    11 |     8 ||    19
 Stab: Sleeping          |     9 |     7 |    25 |    33 |    15 ||    89
       Distracted        |       |     1 |       |     4 |     1 ||     6
       Confused          |       |       |     1 |       |       ||     1
  Eat: Chunk             |     2 |    11 |    15 |    18 |     8 ||    54
       Ration            |       |       |       |     4 |     3 ||     7
Armor: Robe              |     6 |    48 |    77 |   135 |       ||   266
       Skin              |       |    13 |    87 |     9 |       ||   109
       Leather armour    |       |       |       |     7 |   100 ||   107
Dodge: Dodged            |    49 |   191 |   241 |   650 |   352 ||  1483
